 Dungeon Crawl Stone Soup version 0.30.1-9-gdf580d7c3d (webtiles) character file.

Game seed: 9180957537483192038

9308 growler the Zephyrmancer (level 11, -1/62 HPs)
             Began as a Tengu Air Elementalist on Oct 22, 2023.
             Was a Follower of Hepliaklqana.
             Killed from afar by a starcursed mass (8 damage)
             ... with an accursed screaming
             ... on level 2 of the Abyss.
             The game lasted 00:40:18 (14397 turns).

growler the Zephyrmancer (Tengu Air Elementalist)  Turns: 14397, Time: 00:40:19

Health: -1/62      AC:  5    Str:  3 (4)  XL:     11   Next: 44%
Magic:  17/19      EV: 35    Int: 24 (25) God:    Hepliaklqana [*.....]
Gold:   621        SH:  0    Dex: 16      Spells: 12/22 levels left

rFire   . . .        Q - staff of air
rCold   x x x        (no shield)
rNeg    . . .        a - +1 robe
rPois   .            (helmet restricted)
rElec   +            (no cloak)
rCorr   .            c - +2 pair of gloves
SInv    .            (boots unavailable)
Will    .....        M - amulet of the acrobat
Stlth   ++           n - +5 ring of evasion
HPRegen 0.30/turn    K - +6 ring of intelligence
MPRegen 0.16/turn

%: acrobat
@: acrobatic, flying quickly and evasively, quick
A: reduced essence, beak, talons 3, nimble flight, low MP 1, [deformed body],
[deterioration 2], [weak 2], [cold vulnerability 3]
a: Renounce Religion, Recall Ancestor, Ancestor Identity


You were on level 2 of the Abyss.
You worshipped Hepliaklqana.
Hepliaklqana was aware of your devotion.
You visited 2 branches of the dungeon, and saw 12 of its levels.
You visited the Abyss 1 time.
You also visited: Sewer.

You collected 744 gold pieces.
You spent 123 gold pieces at shops.

Inventory:

Hand Weapons
 t - a +1 dagger of venom
 H - a +5 dagger of protection
 N - a +0 rapier
Armour
 a - a +1 robe (worn)
 c - a +2 pair of gloves (worn)
 E - a scarf of invisibility
Magical Staves
 w - a staff of conjuration
 Q - a staff of air (weapon)
Jewellery
 n - a +5 ring of evasion (left hand)
 K - a +6 ring of intelligence (right hand)
 L - a ring of protection from fire
 M - an amulet of the acrobat (around neck)
Wands
 m - a wand of light (7)
 p - a wand of roots (6)
 q - a wand of charming (29)
 F - a wand of mindburst (9)
 I - a wand of flame (16)
 O - a wand of digging (2)
Scrolls
 d - 2 scrolls of poison
 e - a scroll of enchant weapon {unknown}
 h - a scroll of enchant armour
 i - 2 scrolls of immolation
 r - a scroll of fog {unknown}
 s - 2 scrolls of amnesia
 v - a scroll of acquirement
 x - a scroll of fear
 y - a scroll of magic mapping {unknown}
 B - 4 scrolls of blinking
 D - 2 scrolls of identify
Potions
 b - 2 potions of magic
 f - 3 potions of haste
 g - 2 potions of might
 j - a potion of flight
 k - a potion of heal wounds
 l - a potion of berserk rage
 o - 4 potions of curing
 C - a potion of invisibility
 G - a potion of resistance
 P - a potion of brilliance


   Skills:
 + Level 8.8 Fighting
 + Level 8.9 Short Blades
 - Level 2.1 Dodging
 - Level 2.0 Stealth
 - Level 6.0 Spellcasting
 - Level 6.0 Conjurations
 + Level 13.9 Air Magic


You had 12 spell levels left.
You knew the following spells:

 Your Spells              Type           Power      Damage    Failure   Level
a - Shock                 Conj/Air       100%       1d9       1%          1
b - Static Discharge      Conj/Air       100%       2-7/arc   1%          2
c - Swiftness             Air            84%        N/A       1%          3
d - Airstrike             Air            42%        2d(6-22)  1%          4

Your spell library contained the following spells:

 Spells                   Type           Power      Damage    Failure   Level
 Magic Dart               Conj           100%       1d8       1%          1
 Poisonous Vapours        Pois/Air       100%       N/A       1%          2
 Mephitic Cloud           Conj/Pois/Air  56%        N/A       1%          3
 Sting                    Tmut/Pois      28%        1d4       8%          1
 Call Imp                 Summ           14%        N/A       12%         2
 Sublimation of Blood     Necr           7%         N/A       12%         2
 Wereblood                Tmut           7%         N/A       12%         2
 Olgreb's Toxic Radiance  Pois           7%         N/A       61%         4
 Summon Hydra             Summ           3%         N/A       100%        7


Dungeon Overview and Level Annotations

Branches:
Dungeon (11/15)            Temple (1/1) D:5            Lair (0/5) D:11
  Sewer (visited)
    Orc: D:9-12

Altars:
Ashenzari
Cheibriados
Dithmenos
Elyvilon
Fedhas
Gozag
Hepliaklqana
Kikubaaqudgha
Makhleb
Nemelex Xobeh
Okawaru
Qazlal
Ru
Sif Muna
Trog
Uskayaw
Vehumet
Wu Jian
Xom
Yredelemnul
Zin
The Shining One

Shops:
D:1 ?   D:4 *   D:5 [   D:7 [   D:8 *

Annotations:
D:4 2 transporters, Esekla's ghost, amateur DEWn
D:11 Erolcha


Innate Abilities, Weirdness & Mutations

Your life essence is reduced to manifest your ancestor. (-10% HP)
You have a beak for a mouth.
You have claws for feet.
Your magical nature lets you fly swiftly and evasively.
Your magical capacity is low. (-10% MP)
[Armour fits poorly on your strangely shaped body.]
[Your body often deteriorates upon taking damage.]
[You are very weak. (Str -4)]
[You are extremely vulnerable to cold. (rC---)]


Message History

The living lightning misses you.
The raiju blinks!
The raiju bursts into living lightning!
The living lightning hits the raiju.
The raiju completely resists.
The living lightning misses you.
The raiju blinks!
A starcursed mass splits.
The harpy zombie completely misses you. The harpy zombie closely misses you.
You barely miss the raiju. You peck the raiju, but do no damage.
The harpy zombie claws you but does no damage.
The harpy zombie completely misses you.
The small abomination barely misses you.
The harpy zombie completely misses you. The harpy zombie closely misses you.
The small abomination hits Reggie B..
Reggie B. hits the raiju.
The raiju barely misses you. The raiju misses you.
The small abomination misses you.
A starcursed mass splits.
Reggie B. hits the harpy zombie.
The raiju completely misses you. x2
The small abomination closely misses Reggie B..
Reggie B. hits the small abomination!
The raiju bursts into living lightning!
The living lightning hits you! You resist.
The raiju blinks!
A cacophony of accursed wailing tears at your sanity!
Your body deteriorates!
You feel weakened.
The raiju bursts into living lightning!
The living lightning misses you.
The raiju blinks!
Something bites Reggie B.!
Something shocks Reggie B.!
A deafening chorus of shrieks assaults your mind!
* * * LOW HITPOINT WARNING * * *
Reggie B. hits the starcursed mass.
The starcursed mass shudders and withdraws towards its neighbour.
Reggie B. barely misses the raiju.
The harpy zombie attacks as you move away!
The harpy zombie completely misses you. x3
The harpy zombie closely misses you.
You are suddenly pulled into a different region of the Abyss!
The starcursed mass shrieks in your mind.
* * * LOW HITPOINT WARNING * * *
Your body deteriorates!
You feel dopey.
Found a corrupted altar of Lugonu.
Unknown command.
The starcursed mass shrieks in your mind.
You die...

#...# ...#.
..#. #.#.
...####.
###.#......
##..#....#
#..@..#
#..X#.#
#...#.##
#.## .# #.
#. . ## #


You could see a starcursed mass.

Vanquished Creatures
  A two-headed ogre (D:11)
  An orb spider (Abyss:2)
  A manticore (D:11)
  A smoke demon (Abyss:2)
  Maggie (D:8)
  Psyche (D:9)
  A troll (D:10)
  3 hornets
  A wraith (D:11)
  2 shadows (D:10)
  2 wyverns
  3 yaks (D:9)
  A chaos spawn (Abyss:2)
  A neqoxec (Abyss:2)
  2 large abominations (Abyss:2)
  A sky beast (D:8)
  3 orc warriors
  Pargi (Sewer)
  5 ogres
  2 black bears
  A phantom (D:6)
  A necrophage (D:7)
  3 bullfrogs
  A wyvern zombie (D:7)
  4 scorpions
  15 wights
  11 killer bees
  5 howler monkeys
  A centaur zombie (D:7)
  A human zombie (D:7)
  4 orc priests
  6 hounds
  A jelly (D:7)
  3 iguanas
  8 orc wizards
  2 killer bee zombies (D:7)
  3 mummies (D:7)
  A howler monkey zombie (D:7)
  Robin (D:4)
  5 adders
  5 gnolls
  A shadow imp (D:7)
  4 white imps
  An ufetubus (D:4)
  2 worms
  3 dart slugs
  33 orcs
  4 ball pythons
  5 bats
  7 endoplasms
  6 giant cockroaches
  32 goblins
  10 hobgoblins
  6 jackals (D:1)
  11 kobolds
  6 quokkas
  2 frilled lizards (D:1)
  10 rats
259 creatures vanquished.

Vanquished Creatures (collateral kills)
  An orange demon (Abyss:2)
  A bullfrog (D:11)
2 creatures vanquished.

Vanquished Creatures (others)
  5 ancestors
5 creatures vanquished.

Grand Total: 266 creatures vanquished

Notes
Turn   | Place    | Note
-------+----------+-------------------------------------------
     0 | D:1      | growler the Tengu Air Elementalist began the quest for the
                  | Orb.
     0 | D:1      | Reached XP level 1. HP: 10/10 MP: 4/4
   138 | D:1      | Found Qoagaesy's Magic Scroll Emporium.
   244 | D:1      | Reached XP level 2. HP: 15/15 MP: 4/6
   247 | D:1      | Learned a level 2 spell: Static Discharge
   653 | D:1      | Found a faded altar of an unknown god.
   770 | D:1      | Reached XP level 3. HP: 19/19 MP: 1/7
   866 | D:1      | Learned a level 3 spell: Swiftness
  1830 | D:2      | Reached XP level 4. HP: 24/24 MP: 0/9
  1959 | D:2      | Reached skill level 5 in Air Magic
  2892 | D:3      | Found a sacrificial altar of Ru.
  3230 | D:4      | Found Qigrem's Assorted Antiques.
  3232 | D:4      | Noticed an ogre
  3259 | D:4      | Killed an ogre
  3260 | D:4      | Gained mutation: Your magical nature lets you fly swiftly
                  | and evasively. [Tengu growth]
  3260 | D:4      | Reached XP level 5. HP: 19/28 MP: 0/11
  3265 | D:4      | Learned a level 4 spell: Airstrike
  3455 | D:4      | Found a transporter.
  3458 | D:4      | Noticed Esekla's ghost (amateur DEWn)
  3473 | D:4      | Found a transporter.
  3543 | D:4      | Reached XP level 6. HP: 20/32 MP: 3/12
  3695 | D:4      | Reached skill level 6 in Air Magic
  3797 | D:4      | Noticed a black bear
  3823 | D:4      | Killed a black bear
  3998 | D:4      | Noticed Robin
  4046 | D:4      | Reached skill level 5 in Conjurations
  4246 | D:4      | Killed Robin
  4319 | D:4      | Reached XP level 7. HP: 36/36 MP: 1/14
  4526 | D:5      | Entered Level 5 of the Dungeon
  4716 | D:5      | Found a staircase to the Ecumenical Temple.
  4891 | Temple   | Entered the Ecumenical Temple
  5009 | D:5      | Reached skill level 7 in Air Magic
  5097 | D:5      | HP: 1/36 [ogre/+0 giant club (24)]
  5154 | D:5      | Reached skill level 5 in Spellcasting
  5368 | D:5      | Reached skill level 8 in Air Magic
  5368 | D:5      | Reached XP level 8. HP: 41/41 MP: 9/16
  5702 | D:5      | Reached skill level 1 in Fighting
  5909 | D:5      | Found Veiz's Antique Armour Shop.
  6429 | D:6      | Found a radiant altar of Vehumet.
  6431 | D:6      | Found a stormy altar of Qazlal.
  6520 | D:6      | Found the +1 Delatra's gloves {ID++}
  6683 | D:6      | Found a glowing drain.
  6694 | Sewer    | Entered a sewer
  6742 | Sewer    | Noticed Pargi
  6750 | Sewer    | Killed Pargi
  6992 | D:6      | Reached skill level 9 in Air Magic
  7520 | D:7      | Reached skill level 1 in Short Blades
  7525 | D:7      | Reached XP level 9. HP: 52/52 MP: 6/19
  7754 | D:7      | Reached skill level 10 in Air Magic
  8155 | D:7      | Found Zepedass's Armour Shop.
  8373 | D:7      | Found an iron altar of Okawaru.
  8500 | D:7      | Found an ancient bone altar of Kikubaaqudgha.
  8557 | D:7      | Reached skill level 5 in Fighting
  9056 | D:8      | Reached skill level 11 in Air Magic
  9436 | D:8      | Found a hazy altar of Hepliaklqana.
  9444 | D:8      | Became a worshipper of Hepliaklqana the Forgotten
  9873 | D:8      | Noticed Maggie
  9881 | D:8      | HP: 2/50 [Maggie/+1 halberd of draining (3)]
  9884 | D:8      | Killed Maggie
  9885 | D:8      | Reached skill level 5 in Short Blades
  9885 | D:8      | Reached XP level 10. HP: 28/60 MP: 6/20
 10083 | D:8      | Found Dobap Jeeg's Neck Hole.
 10375 | D:9      | Identified the +2 leather armour "Laifeirghur" {+Inv rC+
                  | Int+5 Dex-5}
 10466 | D:9      | Noticed Psyche
 10471 | D:9      | Killed Psyche
 10935 | D:9      | Reached skill level 12 in Air Magic
 11218 | D:9      | Found an ornate altar of the Wu Jian Council.
 12096 | D:1      | Bought a scroll of brand weapon for 123 gold pieces
 12270 | D:10     | Entered Level 10 of the Dungeon
 12540 | D:10     | Reached * piety under Hepliaklqana
 12646 | D:10     | Found a white marble altar of Elyvilon.
 12646 | D:10     | Found a glowing silver altar of Zin.
 12646 | D:10     | Found a glowing golden altar of the Shining One.
 12861 | D:10     | Found a blossoming altar of Fedhas.
 12861 | D:10     | Found a sparkling altar of Nemelex Xobeh.
 12864 | D:10     | Found a bloodstained altar of Trog.
 12867 | D:10     | Found a burning altar of Makhleb.
 12869 | D:10     | Found a shadowy altar of Dithmenos.
 13075 | D:11     | Found a burning altar of Makhleb.
 13078 | D:11     | Identified 2 scrolls of acquirement
 13078 | D:11     | Acquired a staff of air
 13100 | D:11     | Noticed a two-headed ogre
 13100 | D:11     | Found a staircase to the Lair.
 13103 | D:11     | Reached skill level 13 in Air Magic
 13103 | D:11     | Noticed Erolcha
 13106 | D:11     | Killed a two-headed ogre
 13107 | D:11     | Reached XP level 11. HP: 61/61 MP: 3/21
 13108 | D:11     | Noticed a two-headed ogre
 13662 | D:11     | Found a white marble altar of Elyvilon.
 13662 | D:11     | Noticed a manticore
 13667 | D:11     | Killed a manticore
 13692 | Abyss:2  | Cast into level 2 of the Abyss (Erolcha)
 13749 | Abyss:2  | Noticed a thrashing horror
 13788 | Abyss:2  | Found a corrupted altar of Lugonu.
 13804 | Abyss:2  | Noticed a starcursed mass
 13927 | Abyss:2  | Noticed an orb spider
 13930 | Abyss:2  | Killed an orb spider
 14088 | Abyss:2  | Gained mutation: Your magical capacity is low. (-10% MP) [a
                  | neqoxec]
 14213 | Abyss:2  | Noticed a wretched star
 14219 | Abyss:2  | Noticed a starcursed mass
 14344 | Abyss:2  | Noticed a blizzard demon
 14349 | Abyss:2  | Found a corrupted altar of Lugonu.
 14355 | Abyss:2  | Noticed a thrashing horror
 14368 | Abyss:2  | Noticed a starcursed mass
 14396 | Abyss:2  | Found a corrupted altar of Lugonu.
 14397 | Abyss:2  | Killed from afar by a starcursed mass

Illustrated notes

Levels and vault maps discovered:
D:1:      onia_arrival_mini_spirals, layout_loops_corners, serial_shops, shop,
          shapermc_ecumenical_altar_venn
D:2:      layout_basic
D:3:      cheibrodos_greedy_goblins, layout_rooms, nicolae_ru_path_of_blood
D:4:      layout_basic, gammafunk_ghost_stat_death, serial_shops, shop,
          uniq_robin
D:5:      layout_basic, minmay_temple_entry_trees, serial_shops, shop
D:6:      layout_loops_ring, jmf_multi_god_temple, portal_sewer_entry_f,
          dreamdust_princess_bridge
D:7:      layout_loops_ring, kennysheep_okawaru_gauntlet,
          lemuel_mausoleum_altar_kikubaaqudgha, serial_shops,
          kennysheep_mini_moat, minmay_holes
D:8:      layout_loops_corners, mainiacjoe_overflow_concentric_impassable,
          nicolae_shop_sticking_my_neck_out, uniq_maggie
D:9:      layout_loops_ring, mainiacjoe_overflow_six_doors_small, uniq_psyche
D:10:     layout_basic, good_gods_mini_temple, grunt_temple_overflow_open
D:11:     layout_basic, due_lair_maze_entry_diamond, minmay_misc_feat_chi,
          hangedman_feature_mirror, uniq_erolcha, uniq_fannar
Temple:   hellmonk_temple_two_chambers
Abyss:2:  base: D:2, evilmike_abyss_exit_plants

Skill      XL: |  1  2  3  4  5  6  7  8  9 10 |
---------------+-------------------------------+-----
Conjurations   | 2 3 4 5 6 |  6.0
Air Magic      | 5 6 8 9 11 13 | 13.9
Spellcasting   | 3 4 5 6 |  6.0
Fighting       | 3 6 8 |  8.8
Short Blades   | 1 5 8 |  8.9
Dodging        | |  2.1
Stealth        | |  2.0

Action                     |  1- 3 |  4- 6 |  7- 9 | 10-12 || total
---------------------------+-------+-------+-------+-------++-------
  Melee: Unarmed           |     7 |       |       |       ||     7
         Kick              |     2 |     1 |    37 |     9 ||    49
         Dagger            |       |     1 |    78 |     8 ||    87
         Peck              |       |       |    15 |     4 ||    19
         Punch             |       |       |     2 |       ||     2
         Staff             |       |       |       |     9 ||     9
   Cast: Shock             |    78 |   114 |   205 |    87 ||   484
         Static Discharge  |       |     8 |    50 |    50 ||   108
         Airstrike         |       |     1 |    11 |    53 ||    65
 Invoke: Recall Ancestor   |       |       |       |     2 ||     2
         Ancestor Identity |       |       |       |     1 ||     1
  Evoke: Wand              |       |     1 |     1 |     2 ||     4
    Use: Scroll            |       |       |    11 |    13 ||    24
         Potion            |       |       |     2 |     1 ||     3
   Stab: Sleeping          |       |       |     4 |       ||     4
 Armour: Robe              |     3 |     1 |    14 |    10 ||    28
         Skin              |       |       |     2 |       ||     2
  Dodge: Dodged            |     6 |    16 |   107 |   130 ||   259
